 Dungeon Crawl Stone Soup version 0.25-a0-785-gb22c70e859 (webtiles) character file.

Game seed: 8758804558209784174, levelgen mode: deterministic

240 mortelune the Cutter (level 6, 0/36 HPs)
             Began as a Kobold Arcane Marksman on Apr 17, 2020.
             Slain by a bullfrog (3 damage)
             ... in a sewer.
             The game lasted 00:12:34 (4121 turns).

mortelune the Cutter (Kobold Arcane Marksman)       Turns: 4121, Time: 00:12:34

Health: 0/36       AC:  6    Str: 10    XL:     6   Next: 29%
Magic:  6/7        EV: 16    Int: 14    God:
Gold:   62         SH:  0    Dex: 15    Spells: 1/7 levels left

rFire    + . .     SeeInvis +   a - +0 hand crossbow
rCold    x . .     Gourm    .   (shield restricted)
rNeg     . . .     Faith    .   n - +3 leather armour
rPois    .         Spirit   .   (no helmet)
rElec    .         Reflect  .   (no cloak)
rCorr    .         Harm     .   (no gloves)
MR       .....                  (no boots)
Stlth    ++........             (no amulet)
HPRegen  0.12/turn              r - ring of see invisible
MPRegen  0.10/turn              v - ring of fire

@: no status effects
A: small, carnivore
a: no special abilities


You were in a sewer.
You were full.

You visited 1 branch of the dungeon, and saw 3 of its levels.
You also visited: Sewer.

You collected 62 gold pieces.

Inventory:

Hand Weapons
 a - a +0 hand crossbow (weapon)
 b - a +0 dagger
 o - a +0 hand axe
 s - a +1 falchion of holy wrath
Missiles
 c - 3 curare-tipped darts
 d - 18 bolts (quivered)
Armour
 e - a +0 robe
 n - a +3 leather armour (worn)
Jewellery
 r - a ring of see invisible (left hand)
 v - a ring of fire (right hand)
Scrolls
 g - a scroll of identify {unknown}
 i - a scroll of fear {unknown}
 j - a scroll of teleportation
 u - a scroll of amnesia {unknown}
 w - 2 scrolls of blinking
 x - a scroll of remove curse {unknown}
 y - 2 scrolls of fog {unknown}
 z - a scroll of magic mapping
Potions
 h - 3 potions of might
 k - 2 potions of resistance
 l - a potion of cancellation {unknown}
 m - a potion of mutation {unknown}
 p - a potion of stabbing {unknown}
 q - a potion of ambrosia {unknown}
 t - 5 potions of flight {unknown}
 A - 3 potions of heal wounds {unknown}
 B - a potion of magic {unknown}
Comestibles
 f - 4 rations


   Skills:
 + Level 2.9 Fighting
 * Level 4.5 Short Blades
 - Level 2.9 Crossbows
 + Level 3.9 Dodging
 + Level 3.0 Stealth
 - Level 1.1 Spellcasting
 - Level 3.0 Hexes


You had one spell level left.
You knew the following spells:

 Your Spells              Type           Power        Failure   Level  Hunger
a - Corona                Hex            #......      11%         1    ##.....
b - Slow                  Hex            #.......     16%         2    ###....
c - Portal Projectile     Hex/Tloc       #.....       50%         3    ####...

Your spell library contained the following spells:

 Spells                   Type           Power        Failure   Level  Hunger
 Inner Flame              Hex/Fire       #.......     50%         3    ####...
 Cause Fear               Hex            #.........   71%         4    #####..
 Leda's Liquefaction      Hex/Erth       #.........   88%         4    #####..


Dungeon Overview and Level Annotations

Branches:
Dungeon (3/15)              Sewer (1/1)

Altars:
Dithmenos

Annotations:
D:2 Sigmund


Innate Abilities, Weirdness & Mutations

You are small and have problems with some larger weapons.
You are carnivorous and can eat meat at any time.


Message History

The bullfrog closely misses you. The bullfrog hits you.
* * * LOW HITPOINT WARNING * * *
Firing (i - inventory. (/) - cycle)
d - 20 bolts (quivered)
Press: ? - help, Shift-Dir - straight line, f/p - bullfrog
Aim: a bullfrog (moderately wounded, softly glowing)
You shoot a bolt. The bolt hits the bullfrog!
The bullfrog is almost dead.
You hear a splash.
The bullfrog stops glowing.
The bullfrog hits you.
* * * LOW HITPOINT WARNING * * *
The bullfrog closely misses you.
Okay, then.
Firing (i - inventory. (/) - cycle)
d - 19 bolts (quivered)
Press: ? - help, Shift-Dir - straight line, f/p - bullfrog
Aim: a bullfrog (almost dead)
You shoot a bolt. The bolt hits the bullfrog.
The bullfrog is almost dead.
You hear a splash.
The bullfrog hits you.
You die...

#≈.≈≈≈≈# #≈≈≈≈≈≈#
#≈≈≈≈≈≈ #≈≈≈≈≈≈#
#≈≈≈≈≈≈# #≈≈≈≈≈≈
#≈≈≈≈≈≈# #≈≈≈≈≈≈#
#≈#≈≈≈≈ #≈≈≈≈≈≈#
#≈≈≈≈≈≈# #≈≈≈≈≈≈
#≈≈≈≈≈≈# #≈≈≈≈≈≈#
#≈≈≈≈≈≈ #≈≈≈≈≈≈#
#≈≈≈≈≈≈# #≈≈≈≈≈≈
#≈≈≈≈≈≈#
#≈≈≈≈≈≈##### #≈≈≈≈≈≈
##≈≈≈S.#
##≈F≈≈###..# ##≈≈≈≈.
S...FS#
#..@...##..###......
##......##'##......#
#.........#.......#
##...............##
##.............##
######...######
#####


You could see a bullfrog.

Vanquished Creatures
  Robin (D:2)
  7 adders
  9 river rats
  2 worms (D:2)
  A dart slug (D:1)
  4 leopard geckos
  An orc (D:3)
  3 giant cockroaches (D:2)
  9 goblins
  3 hobgoblins (D:2)
  2 jackals (D:3)
  2 kobolds (D:1)
  A quokka (D:3)
  10 ball pythons
  5 bats
  4 frilled lizards
  25 rats
89 creatures vanquished.

Notes
Turn   | Place    | Note
-------+----------+-------------------------------------------
     0 | D:1      | mortelune the Kobold Arcane Marksman began the quest for
                  | the Orb.
     0 | D:1      | Reached XP level 1. HP: 12/12 MP: 2/2
   260 | D:1      | Reached XP level 2. HP: 16/16 MP: 3/3
   309 | D:1      | Learned a level 2 spell: Slow
   597 | D:1      | Reached skill level 1 in Short Blades
  1070 | D:2      | Reached XP level 3. HP: 16/21 MP: 1/4
  1159 | D:2      | Reached skill level 2 in Short Blades
  1160 | D:2      | Noticed Robin
  1183 | D:2      | Killed Robin
  1183 | D:2      | Reached skill level 1 in Stealth
  1183 | D:2      | Reached XP level 4. HP: 26/26 MP: 2/5
  1438 | D:2      | Found a shadowy altar of Dithmenos.
  1537 | D:2      | Noticed Sigmund
  1692 | D:3      | Reached skill level 3 in Short Blades
  1699 | D:3      | Reached XP level 5. HP: 29/31 MP: 6/6
  1709 | D:3      | Found a glowing drain.
  1714 | Sewer    | Entered a sewer
  2173 | Sewer    | Learned a level 3 spell: Portal Projectile
  3071 | Sewer    | Reached skill level 4 in Short Blades
  3500 | Sewer    | Reached XP level 6. HP: 36/36 MP: 7/7
  4121 | Sewer    | Slain by a bullfrog

Levels and vault maps discovered:
D:1:      lemuel_arrival_lava_pool, layout_basic
D:2:      layout_rooms, serial_aquarium, aquarium_bridge_straight
          [aquarium_subvault_bridge, aquarium_subvault_wall,
          aquarium_subvault_bridge, aquarium_subvault_wall],
          aquarium_bridge_straight [aquarium_subvault_bridge,
          aquarium_subvault_wall, aquarium_subvault_bridge,
          aquarium_subvault_wall], aquarium_window_fake, aquarium_window_1,
          aquarium_view_2b, aquarium_balcony_5a, chequers_hall_statues_corner_a,
          grunt_dithmenos_smoke_and_mirrors, uniq_natasha, uniq_sigmund,
          uniq_robin
D:3:      layout_basic, gup_sewer_entry_bowl, kennysheep_generic_room_13
Sewer:    sewer_minmay_w

Skill      XL: |  1  2  3  4  5  6 |
---------------+-------------------+-----
Short Blades   | 1 2 3 4 |  4.5
Dodging        | 3 |  3.9
Fighting       | 2 |  2.9
Stealth        | 1 2 3 |  3.0
Crossbows      | |  2.9
Spellcasting   | |  1.1
Hexes          | |  3.0

Action                   |  1- 3 |  4- 6 || total
-------------------------+-------+-------++-------
Melee: Dagger            |    45 |   272 ||   317
       Hand axe          |     3 |       ||     3
 Fire: Hand crossbow     |    43 |   132 ||   175
Throw: Dart              |       |     2 ||     2
 Cast: Corona            |     6 |    18 ||    24
  Use: Potion            |     2 |     1 ||     3
       Scroll            |       |     5 ||     5
 Stab: Distracted        |     1 |       ||     1
  Eat: Chunk             |     5 |    11 ||    16
Armor: Leather armour    |    16 |   103 ||   119
Dodge: Dodged            |    52 |   338 ||   390

Table legend:
 A = Non-vault XP
 B = Vault XP
 C = Vault XP percentage of total XP
 D = Non-vault monster count
 E = Vault monster count
 F = Vault count percentage of total count
                 A         B        C        D         E       F
            +---------+---------+-------+---------+---------+-------
      Total |      88 |     255 |  74.3 |      34 |      55 |  61.8
            +---------+---------+-------+---------+---------+-------
        D:1 |      24 |       0 |   0.0 |      17 |       0 |   0.0
        D:2 |      46 |      34 |  42.5 |       9 |      11 |  55.0
        D:3 |      18 |      17 |  48.6 |       8 |       3 |  27.3
      Sewer |       0 |     204 | 100.0 |       0 |      41 | 100.0
            +---------+---------+-------+---------+---------+-------
